 Dungeon Crawl Stone Soup version 0.24-a0-365-ga4d96b6e6e (console) character file.

Game seed: 3801220327015089207

70 Lexodia the Vexing (level 4, 0/30 HPs)
             Began as a Vampire Enchanter on May 27, 2019.
             Killed from afar by an orc wizard (6 damage)
             ... with a magic dart
             ... on level 3 of the Dungeon.
             The game lasted 00:02:49 (991 turns).

Lexodia the Vexing (Vampire Enchanter)               Turns: 991, Time: 00:02:49

Health: 0/30       AC:  2    Str:  6 (7)  XL:     4   Next: 4%
Magic:  0/7        EV: 12    Int: 16 (17) God:
Gold:   89         SH:  0    Dex: 12 (15) Spells: 4/7 levels left

rFire    . . .     SeeInvis +   a - +1 dagger
rCold    . . .     Gourm    .   (no shield)
rNeg     . . .     Faith    .   b - +0 robe
rPois    +         Spirit   .   (no helmet)
rElec    .         Reflect  .   (no cloak)
rCorr    .         Harm     .   (no gloves)
MR       .....                  (no boots)
Stlth    +++.......             g - amulet of the acrobat
HPRegen  0.30/turn              c - ring of poison resistance
MPRegen  0.10/turn              (no ring)

@: very slightly contaminated, regenerating quickly
A: fangs 3, see invisible, unbreathing
a: no special abilities


You were on level 3 of the Dungeon.
You were full.

You visited 1 branch of the dungeon, and saw 3 of its levels.

You collected 89 gold pieces.

Inventory:

Hand Weapons
 a - a +1 dagger (weapon)
Armour
 b - a +0 robe (worn)
Jewellery
 c - a ring of poison resistance (left hand)
 f - an uncursed ring of flight {unknown}
 g - an amulet of the acrobat (around neck)
Potions
 d - 3 potions of blood


   Skills:
 + Level 2.4 Short Blades
 - Level 2.2 Dodging
 + Level 5.5 Stealth
 - Level 2.0 Spellcasting
 + Level 5.6 Hexes


You had 4 spell levels left.
You knew the following spells:

 Your Spells              Type           Power        Failure   Level  Hunger
a - Corona                Hex            ###....      1%          1    #......
b - Ensorcelled Hibernat  Hex/Ice        ##....       10%         2    ###....

Your spell library contained the following spells:

 Spells                   Type           Power        Failure   Level  Hunger
 Confuse                  Hex            ###.....     6%          3    ###....
 Tukima's Dance           Hex            ###.....     6%          3    ###....
 Dazzling Spray           Conj/Hex       ##....       19%         3    ###....


Dungeon Overview and Level Annotations

Branches:
Dungeon (3/15)

Altars:
Hepliaklqana


Innate Abilities, Weirdness & Mutations

Your natural rate of healing is unusually fast.
You have razor-sharp teeth.
You have supernaturally acute eyesight. (SInv)
You can survive without breathing.


Message History

You resist with some effort.
You hit the orc wizard but do no damage.
The orc wizard is severely wounded.
The orc wizard hits you but does no damage.
You barely miss the orc wizard.
The orc wizard is severely wounded.
The orc wizard hits you with a +0 dagger.
* * * LOW HITPOINT WARNING * * *
Huge Dmg: -7%(-2hp) hp: 17%(5hp)
You barely miss the orc wizard.
The orc wizard is heavily wounded.
Casting: Ensorcelled Hibernation (safe; 10% risk of failure)
Confirm with . or Enter, or press ? or * to list all spells.
Aiming: Ensorcelled Hibernation (safe; 10% risk of failure)
Press: ? - help, Shift-Dir - straight line, f/p - orc wizard
Aim: an orc wizard, wielding a +0 dagger and wearing a +0 robe (heavily wounded, slightly transparent, chance to defeat MR: 41%)
The orc wizard resists with some effort.
The orc wizard casts a spell at you. The magic dart hits you.
You die...

..#### #....
..K. ♣.o# ♣.o#
♣.# ♣♣.#
#..♣♣♣♣♣♣oo#
#.....@oo#o..#
#.######.##.##
#.######.##.##.#
#..............#
###.####.##.#..#
#.##.#.. ##.##.#
.# ## #.#.#.#
#...###.##.#


You could see an orc wizard (invisible) and 3 orcs.

Vanquished Creatures
  An orc wizard (D:3)
  2 adders (D:2)
  A dart slug (D:1)
  2 giant cockroaches (D:1)
  A goblin (D:2)
  3 hobgoblins (D:1)
  3 kobolds
  A quokka (D:3)
  4 bats (D:1)
  3 frilled lizards (D:1)
  A rat (D:2)
22 creatures vanquished.

Notes
Turn   | Place    | Note
-------+----------+-------------------------------------------
     0 | D:1      | Lexodia the Vampire Enchanter began the quest for the Orb.
     0 | D:1      | Reached XP level 1. HP: 13/13 MP: 3/3
   216 | D:1      | Huge Dmg: 3 dmg
   233 | D:1      | Huge Dmg: 4 dmg
   240 | D:1      | Huge Dmg: 1 dmg
   243 | D:1      | Huge Dmg: 1 dmg
   245 | D:1      | Huge Dmg: 1 dmg
   376 | D:1      | Reached XP level 2. HP: 17/19 MP: 5/5
   380 | D:1      | Learned a level 2 spell: Ensorcelled Hibernation
   405 | D:1      | Huge Dmg: 3 dmg
   410 | D:1      | Huge Dmg: 2 dmg
   415 | D:1      | Huge Dmg: 3 dmg
   641 | D:1      | Reached skill level 5 in Hexes
   830 | D:2      | Huge Dmg: 3 dmg
   831 | D:2      | Huge Dmg: 2 dmg
   831 | D:2      | Reached skill level 5 in Stealth
   831 | D:2      | Reached XP level 3. HP: 9/24 MP: 1/6
   846 | D:2      | Found a hazy altar of Hepliaklqana.
   891 | D:3      | Huge Dmg: 4 dmg
   967 | D:3      | Reached XP level 4. HP: 27/30 MP: 2/7
   980 | D:3      | Huge Dmg: 8 dmg
   985 | D:3      | Huge Dmg: 4 dmg
   990 | D:3      | Huge Dmg: 2 dmg
   991 | D:3      | Killed from afar by an orc wizard

Levels and vault maps discovered:
D:1:      psy_arrival_whirlpool, layout_basic, corner_web_ring,
          minmay_misc_feat_cross
D:2:      minmay_chambers_of_ones, layout_loops_ring, lemuel_crystal_altar,
          nicolae_overflow_hidden_temple, bloody_trog
D:3:      layout_loops_ring, grunt_dithmenos_smoke, nrook_campfire, st_stairs_11

Skill      XL: |  1  2  3 |
---------------+----------+-----
Hexes          | 5 |  5.6
Stealth        | 5 |  5.5
Short Blades   | 2 |  2.4
Dodging        | |  2.2
Spellcasting   | |  2.0

Action                   |  1- 3 |  4- 6 || total
-------------------------+-------+-------++-------
Melee: Dagger            |    74 |    21 ||    95
       Bite              |     3 |     2 ||     5
 Cast: Corona            |     1 |       ||     1
       Ensorcelled Hiber |     7 |     1 ||     8
  Use: Potion            |     5 |     1 ||     6
 Stab: Sleeping          |     9 |       ||     9
  Eat: Corpse            |     1 |       ||     1
Armor: Robe              |     8 |     1 ||     9
Dodge: Dodged            |    42 |     6 ||    48

Table legend:
 A = Non-vault XP
 B = Vault XP
 C = Vault XP percentage of total XP
 D = Non-vault monster count
 E = Vault monster count
 F = Vault count percentage of total count
                 A         B        C        D         E       F
            +---------+---------+-------+---------+---------+-------
      Total |     101 |       0 |   0.0 |      22 |       0 |   0.0
            +---------+---------+-------+---------+---------+-------
        D:1 |      25 |       0 |   0.0 |      15 |       0 |   0.0
        D:2 |      32 |       0 |   0.0 |       5 |       0 |   0.0
        D:3 |      44 |       0 |   0.0 |       2 |       0 |   0.0
            +---------+---------+-------+---------+---------+-------
